 Dungeon Crawl Stone Soup version 0.27-a0-1228-gfd60fd639a (webtiles) character file.

Game seed: 12953125231425999562

159 dickylongcocking the Magician (level 5, 0/60 HPs)
             Began as a Djinni Fire Elementalist on June 7, 2021.
             Slain by a kobold
             ... wielding a +0 short sword
              (3 damage)
             ... on level 3 of the Dungeon.
             The game lasted 00:03:09 (4090 turns).

dickylongcocking the Magician (DjFE)                Turns: 4090, Time: 00:03:10

Health: 0/60       AC: 22    Str:  7    XL:     5   Next: 68%
Gold:   92         EV:  2    Int: 17    God:
                   SH:  0    Dex: 14

rFire    . . .     SeeInvis .   n - +0 dagger (venom)
rCold    . . .     Faith    .   (no shield)
rNeg     + + +     Spirit   .   (armour currently unavailable)
rPois    ∞         Reflect  .   (helmet currently unavailable)
rElec    .         Harm     .   (cloak currently unavailable)
rCorr    .         Rampage  .   (gloves currently unavailable)
Will     .....     NoTele   +   (boots unavailable)
Stlth    ++........             (no amulet)
HPRegen  0.20/turn              f - ring of wizardry
MPRegen  0.00/turn              (no ring)

@: tree-form
A: stationary, stasis, torment immunity, boosted hp, sickness immunity, (fire
resistance 2), (cold vulnerability 1), float, innate caster, hp casting, extra
vitality 1
a: no special abilities


You were on level 3 of the Dungeon.
You were a tree.
You visited 1 branch of the dungeon, and saw 3 of its levels.

You collected 92 gold pieces.

Inventory:

Hand Weapons
 c - a +0 short sword
 j - a +1 vampiric dagger
 n - a +0 dagger of venom (weapon)
Armour
 a - a +0 robe (melded)
Jewellery
 f - a ring of wizardry (left branch)
Wands
 m - a wand of flame (24)
Scrolls
 b - a scroll of silence {unknown}
 d - a scroll of immolation {unknown}
 g - 2 scrolls of fear {unknown}
 h - a scroll of noise {unknown}
 i - 2 scrolls of identify {unknown}
 l - a scroll of fog {unknown}
Potions
 e - a potion of might {unknown}
 k - a potion of lignification


   Skills:
 * Level 3.2 Fighting
 - Level 2.1 Dodging
 - Level 1.5 Stealth
 * Level 3.7 Spellcasting


You couldn't memorise any spells.
You knew the following spells:

 Your Spells              Type           Power      Damage    Failure   Level
a - Foxfire               Conj/Fire      60%        2x1d7     1%          1
b - Conjure Flame         Conj/Fire      15%        6-21      4%          3
c - Inner Flame           Hex/Fire       15%        N/A       4%          3
d - Sticky Flame          Conj/Fire      15%        2d4       14%         4
e - Fireball              Conj/Fire      7%         3d5       36%         5
f - Shock                 Conj/Air       60%        1d6       1%          1
g - Slow                  Hex            15%        N/A       2%          2
Your spell library was empty.

Dungeon Overview and Level Annotations

Branches:
Dungeon (3/15)

Altars:
Elyvilon

Annotations:
D:2 Terence


Innate Abilities, Weirdness & Mutations

You are a tree.
Your roots penetrate the ground, keeping you stationary.
You cannot be teleported.
You are immune to unholy pain and torment.
Your maximum health is greatly increased.
Your equipment is partially melded.
You are immune to sickness and miasma.
You are immune to poison.
((Your flesh is very heat resistant. (rF++)))
((You are vulnerable to cold. (rC-)))
You float through the air rather than walking.
You learn spells naturally, not from books.
Your magical power is your life essence.
You have superior vitality. (+4 HP)


Message History

You conjure some foxfire!
* * * LOW HITPOINT WARNING * * *
Unknown command.
Unknown command.
Casting: Foxfire (safe; 1% risk of failure)
Confirm with . or Enter, or press ? or * to list all spells.
Okay, then.
Unknown command.
Casting: Foxfire (safe; 1% risk of failure)
Confirm with . or Enter, or press ? or * to list all spells.
Okay, then.
Casting: Foxfire (safe; 1% risk of failure)
Confirm with . or Enter, or press ? or * to list all spells.
You conjure some foxfire!
* * * LOW HITPOINT WARNING * * *
The foxfire hits the jackal but does no damage.
The foxfire hits the jackal.
The jackal is almost dead.
The foxfire hits the jackal!
You kill the jackal!
Unknown command.
Unknown command.
Casting: Foxfire (safe; 1% risk of failure)
Confirm with . or Enter, or press ? or * to list all spells.
Okay, then.
Casting: Foxfire (safe; 1% risk of failure)
Confirm with . or Enter, or press ? or * to list all spells.
Aiming: Shock (safe; 1% risk of failure)
Press: ? - help, Shift-Dir - straight line, f - frilled lizard
Aim: a frilled lizard (53% to hit)
The zap hits the frilled lizard.
You kill the frilled lizard!
* * * LOW HITPOINT WARNING * * *
Unknown command.
Unknown command.
Unknown command.
Unknown command.
You hit the kobold but do no damage.
The kobold is poisoned.
The kobold hits you with a +0 short sword.
You die...

......##.####### #..#
......#.)))....# #..#
......#..#####.# #..##
......#........# #.<.. #
##.....#####..# #....
#.##........#.h.# #....
#(..............# #....
..##.........K†.# #....
...#.........#♣## ##...
........####.#v# #.... ........#
#.#.# #.... ........# #.#.##
#.... ...#....####^#..# .
##.#.....[.#.#..###########
###.#....##†#.....#........#####
.....................##.........
.......).........÷..............


You could see a jackal (ally target) and a kobold (very poisoned).

Vanquished Creatures
  Jessica (D:3)
  Ijyb (D:3)
  4 gnolls (D:3)
  A dart slug (D:1)
  4 ball pythons
  10 endoplasms
  5 giant cockroaches
  4 goblins
  6 hobgoblins
  6 jackals (D:3)
  A kobold (D:1)
  5 quokkas
  6 bats
  A frilled lizard (D:3)
  5 rats
60 creatures vanquished.

Vanquished Creatures (others)
  225 foxfires
225 creatures vanquished.

Grand Total: 285 creatures vanquished

Notes
Turn   | Place    | Note
-------+----------+-------------------------------------------
     0 | D:1      | dickylongcocking the Djinni Fire Elementalist began the
                  | quest for the Orb.
     0 | D:1      | Reached XP level 1. HP: 15/15 MP: 0/0
   399 | D:1      | Reached XP level 2. HP: 20/22 MP: 0/0
   404 | D:1      | Reached skill level 1 in Fighting
   506 | D:1      | Found a faded altar of an unknown god.
   869 | D:1      | Reached XP level 3. HP: 25/27 MP: 0/0
   869 | D:1      | Learned a level 1 spell: Shock
  2267 | D:2      | Noticed Terence
  2296 | D:2      | HP: 1/28 [Terence/+1 short sword of flaming (5)]
  2801 | D:2      | Reached XP level 4. HP: 24/33 MP: 0/0
  2884 | D:2      | Found a white marble altar of Elyvilon.
  3621 | D:3      | Found a white marble altar of Elyvilon.
  3921 | D:3      | Noticed Ijyb
  3922 | D:3      | Noticed Jessica
  3930 | D:3      | Killed Ijyb
  3934 | D:3      | Killed Jessica
  3935 | D:3      | Reached XP level 5. HP: 27/40 MP: 0/0
  3935 | D:3      | Learned a level 2 spell: Slow
  4090 | D:3      | Slain by a kobold

Illustrated notes

Levels and vault maps discovered:
D:1:      dpeg_arrival_radiant, layout_rooms, ebering_ecumenical_altar_webs,
          kennysheep_minor_cross, minmay_domino_2
D:2:      layout_basic, basic_altar, uniq_terence
D:3:      layout_basic, lemuel_tele_altar, uniq_grinder, uniq_natasha,
          uniq_jessica, uniq_crazy_yiuf_cottage, uniq_ijyb

Skill      XL: |  1  2  3  4  5 |
---------------+----------------+-----
Fighting       | 1 2 3 |  3.2
Spellcasting   | 3 |  3.7
Dodging        | |  2.1
Stealth        | |  1.5

Action                   |  1- 3 |  4- 6 || total
-------------------------+-------+-------++-------
Melee: Short sword       |    19 |       ||    19
       Unarmed           |     4 |       ||     4
       Dagger            |    11 |    23 ||    34
 Cast: Foxfire           |   103 |    45 ||   148
       Shock             |     5 |     2 ||     7
       Conjure Flame     |     2 |     2 ||     4
       Inner Flame       |     1 |     3 ||     4
       Sticky Flame      |       |     1 ||     1
  Use: Potion            |     1 |     1 ||     2
Armor: Robe              |    10 |     5 ||    15
       Skin              |       |     1 ||     1
Dodge: Dodged            |    49 |    27 ||    76

Table legend: (Time is in decaauts)
 A = Elapsed time spent in this place.
 B = Non-inter-level travel time spent in this place.
 C = Inter-level travel time spent in this place.
 D = Time resting spent in this place.
 E = Time spent auto-exploring this place.
 F = Levels seen in this place.
 G = Mean time per level.
                   A        B        C        D        E       F      G
               +--------+--------+--------+--------+--------+-----+--------+
         Total |   4090 |   3984 |    106 |    270 |   3195 |   3 | 1363.3 |
       Dungeon |   4090 |   3984 |    106 |    270 |   3195 |   3 | 1363.3 |
               +--------+--------+--------+--------+--------+-----+--------+

Top non-repeatable levels by time:
     D:1: 2098 daAuts
     D:2: 1485 daAuts
     D:3: 506 daAuts
